 Dungeon Crawl Stone Soup version 0.24.0-123-gd5b16e6ec5 (webtiles) character file.

Game seed: 7899785193831064234, levelgen mode: deterministic

360 mortelune the Slasher (level 6, -6/50 HPs)
             Began as a Formicid Abyssal Knight on Dec 21, 2019.
             Was a Believer of Lugonu.
             Mangled by an ogre
             ... wielding a +0 giant club
              (14 damage)
             ... on level 4 of the Dungeon.
             The game lasted 00:06:56 (4972 turns).

mortelune the Slasher (Formicid Abyssal Knight)     Turns: 4972, Time: 00:06:56

Health: -6/50      AC:  9    Str: 23 (24) XL:     6   Next: 98%
Magic:  7/7        EV:  8    Int: 11      God:    Lugonu [**....]
Gold:   179        SH:  0    Dex: 10      Spells: 5/5 levels left

rFire    . . .     SeeInvis +   a - +2 falchion
rCold    . . .     Gourm    .   (no shield)
rNeg     . . .     Faith    .   n - +0 chain mail
rPois    .         Spirit   .   (helmet unavailable)
rElec    .         Reflect  .   (no cloak)
rCorr    .         Harm     .   (no gloves)
MR       .....                  (no boots)
Stlth    ..........             (no amulet)
HPRegen  0.16/turn              (no ring)
MPRegen  0.10/turn              (no ring)

@: mighty, lethally poisoned (-6 -> -7)
A: permanent stasis, dig shafts and tunnels, four strong arms, antennae 3
a: Dig, Shaft Self, Depart the Abyss, Bend Space, Renounce Religion


You were on level 4 of the Dungeon.
You worshipped Lugonu.
Lugonu was pleased with you.
You were hungry.

You visited 1 branch of the dungeon, and saw 5 of its levels.
You visited the Abyss 1 time.

You collected 179 gold pieces.

Inventory:

Hand Weapons
 a - a +2 falchion (weapon)
Armour
 b - a +1 leather armour
 e - a +0 ring mail
 n - a +0 chain mail (worn)
Jewellery
 q - a +4 ring of evasion {unknown}
Scrolls
 h - a scroll of teleportation {unknown}
 i - 3 scrolls of remove curse
 k - 2 scrolls of enchant weapon
 l - 2 scrolls of random uselessness {unknown}
 p - a scroll of immolation {unknown}
 r - a scroll of blinking {unknown}
Potions
 f - 3 potions of degeneration
 g - a potion of flight
Comestibles
 c - 13 rations


   Skills:
 + Level 4.8 Fighting
 * Level 5.0 Long Blades
 + Level 4.1 Armour
 - Level 0.8 Dodging
 - Level 2.1 Invocations


You had 5 spell levels left.
You didn't know any spells.
Your spell library was empty.

Dungeon Overview and Level Annotations

Branches:
Dungeon (5/15)
 Temple: D:4-7

Altars:
Makhleb
Ru
Zin


Innate Abilities, Weirdness & Mutations

You cannot be hasted, slowed, berserked, paralysed or teleported.
You can dig through walls and to a lower floor.
Your four strong arms can wield two-handed weapons with a shield.
You have a pair of large antennae on your head. (SInv)


Message History

An ice beast and 2 orcs come into view.
An orc is wielding a +0 hand axe of venom.
You feel sick. The ogre hits you but does no damage.
A hound comes into view.
An orc comes into view. It is wielding a +0 hand axe.
The orc shouts!
The orc throws a boomerang.
The boomerang barely misses you.
The weapon returns to the orc!
There is a stone staircase leading up here.
The ogre hits you but does no damage.
You climb upwards.
You feel sick.
Found 10 poisoned darts and a scroll of enchant armour.
There is a stone staircase leading down here.
You can't go up here!
You feel sick.
Okay, then.
As you read the scroll labeled CIZOEMEASU, it crumbles to dust.
You feel aware of your surroundings.
You sensed 2 altars, and 1 shop/portal.
It was a scroll of magic mapping.
The ogre hits you with a +0 giant club!
You die...

###### ########### ####....#
#.?.......# ........# #.........#
####....# #..(......# ******
#....# #.........###****,,,,,
####y...####............,,,,,,,,,
..yyyy..........>#,,,,,,,,,,,,***
######.#######.#O#,,,,,∩,,,,,,*_*
* #..# **#,#@#,,,,,,,,,,,,*+*
*######.####............,,,,,,,,,
*#...y.yy..#............,,,,,,,,,
##.y.y.....#............,,,,,,***
'..........#............,,,,,,*
#..........#............,,,,,,*
##.........##....#......,,,,,,*
*#.........##..#.......#*******
*#.........##..#.#####.#


You could see an ogre.

Vanquished Creatures
  A killer bee (D:4)
  An orc wizard (D:3)
  3 worker ants (D:4)
  7 gnolls
  5 adders
  3 worms (D:2)
  A dart slug (D:1)
  4 leopard geckos
  5 orcs
  5 giant cockroaches
  9 goblins
  11 hobgoblins
  2 jackals (D:1)
  11 kobolds
  A quokka (D:3)
  7 bats
  5 frilled lizards
  2 rats
83 creatures vanquished.

Notes
Turn   | Place    | Note
-------+----------+-------------------------------------------
     0 | Abyss:1  | mortelune the Formicid Abyssal Knight began the quest for
                  | the Orb.
     0 | Abyss:1  | Reached XP level 1. HP: 18/18 MP: 2/2
   141 | Abyss:1  | Noticed a dire elephant skeleton
   142 | D:1      | Escaped the Abyss
   203 | D:1      | Reached XP level 2. HP: 15/24 MP: 3/3
   513 | D:1      | Reached * piety under Lugonu
   565 | D:1      | Reached XP level 3. HP: 22/29 MP: 4/4
  1382 | D:1      | Reached skill level 3 in Long Blades
  1572 | D:2      | Reached XP level 4. HP: 24/37 MP: 5/5
  1959 | D:2      | Found a burning altar of Makhleb.
  1970 | D:2      | Found a glowing silver altar of Zin.
  1970 | D:2      | Noticed an angel
  1970 | D:2      | Noticed a balrug
  2115 | D:2      | Found a burning altar of Makhleb.
  2472 | D:2      | Found a sacrificial altar of Ru.
  2613 | D:3      | Reached ** piety under Lugonu
  2640 | D:3      | Reached XP level 5. HP: 40/42 MP: 6/6
  3027 | D:4      | Reached skill level 4 in Long Blades
  3151 | D:4      | Reached XP level 6. HP: 36/49 MP: 7/7
  4946 | D:4      | Reached skill level 5 in Long Blades
  4949 | D:4      | You fall into a shaft and drop 1 floor!
  4949 | D:5      | Entered Level 5 of the Dungeon
  4958 | D:5      | Noticed an ogre
  4966 | D:5      | Noticed an ice beast
  4972 | D:4      | Mangled by an ogre

Levels and vault maps discovered:
D:1:      lemuel_arrival_broad_hall, layout_basic
D:2:      layout_loops_ring, grunt_temple_overflow_order_and_chaos_2,
          lemuel_coloured_pillars_altar, bloody_makhleb
D:3:      layout_rooms, first_ration
D:4:      minmay_chambers_of_threes, layout_basic,
          nicolae_overflow_crystal_walls, kennysheep_mini_moat, serial_shops,
          shop
D:5:      layout_rooms, minmay_temple_entry_arrows, serial_shops, shop,
          bloody_trog, uniq_prince_ribbit1

Skill      XL: |  1  2  3  4  5  6 |
---------------+-------------------+-----
Long Blades    | 3 4 5 |  5.0
Armour         | 3 4 |  4.1
Fighting       | 4 |  4.8
Dodging        | |  0.8
Invocations    | |  2.1

Action                   |  1- 3 |  4- 6 || total
-------------------------+-------+-------++-------
Melee: Falchion          |    92 |   215 ||   307
Invok: Depart the Abyss  |     1 |       ||     1
       Bend Space        |       |     1 ||     1
 Abil: Dig               |       |     3 ||     3
       Shaft Self        |       |     1 ||     1
  Use: Scroll            |     5 |     1 ||     6
       Potion            |       |     7 ||     7
  Eat: Chunk             |     2 |    11 ||    13
Armor: Leather armour    |    26 |     1 ||    27
       Chain mail        |       |   126 ||   126
       Ring mail         |       |     5 ||     5
Dodge: Dodged            |    55 |   101 ||   156
       Rpst.: Falchion   |    22 |    27 ||    49
